 Dungeon Crawl Stone Soup version 0.28-a0-1486-g8196b01e9b (webtiles) character file.

Game seed: 16000287558647581552

1845 Cheeritup the Conjurer (level 8, -6/69 HPs)
             Began as a Red Draconian Conjurer on Jan 12, 2022.
             Was an Initiate of Vehumet.
             Mangled by an ogre (14 damage)
             ... on level 6 of the Dungeon.
             The game lasted 00:35:18 (8801 turns).

Cheeritup the Conjurer (Red Draconian Conjurer)     Turns: 8801, Time: 00:35:19

Health: -6/69      AC:  6    Str: 16    XL:     8   Next: 88%
Magic:  16/16      EV: 12    Int: 20    God:    Vehumet [......]
Gold:   357        SH:  0    Dex: 10    Spells: 7/18 levels left

rFire   + . .      SeeInvis +   r - +1 flail (protect)
rCold   . . .      Faith    .   q - orb {light}
rNeg    . . .      Spirit   .   (armour unavailable)
rPois   .          Reflect  .   (helmet restricted)
rElec   .          Harm     .   (no cloak)
rCorr   .          Rampage  .   (no gloves)
Will    .....                   (no boots)
Stlth   +.........              e - amulet of the acrobat
HPRegen 0.21/turn               i - ring of see invisible
MPRegen 0.15/turn               s - +6 ring of strength

@: glowing
A: breathe fire, AC +6, unfitting armour, fire resistance 1, cold-blooded
a: Breathe Fire, Renounce Religion


You were on level 6 of the Dungeon.
You worshipped Vehumet.
Vehumet was noncommittal.
You visited 2 branches of the dungeon, and saw 9 of its levels.
You also visited: Sewer.

You collected 357 gold pieces.

Inventory:

Hand Weapons
 b - a +0 scimitar
 k - a +0 rapier
 o - a +2 dagger of holy wrath
 r - a +1 flail of protection (weapon)
 u - a +0 halberd
 w - a +3 dagger of draining
 y - a +0 trident of venom
Missiles
 g - 5 boomerangs
 n - 6 poisoned darts
Armour
 q - an orb of light (worn)
Jewellery
 e - an amulet of the acrobat (around neck)
 i - a ring of see invisible (left hand)
 s - a +6 ring of strength (right hand)
 x - a ring of protection from cold
Wands
 f - a wand of acid (5)
Scrolls
 a - a scroll of summoning {unknown}
 h - a scroll of fog {unknown}
 l - a scroll of enchant armour
 t - 2 scrolls of identify
 v - a scroll of brand weapon {unknown}
Potions
 c - 2 potions of degeneration {unknown}
 d - 2 potions of curing
 j - a potion of flight {unknown}
 m - 4 potions of heal wounds {unknown}
 p - a potion of invisibility {unknown}


   Skills:
 + Level 5.4 Fighting
 + Level 2.5 Short Blades
 - Level 2.0 Dodging
 - Level 2.0 Stealth
 - Level 5.5 Spellcasting
 + Level 7.9 Conjurations
 - Level 3.0 Hexes
 - Level 2.0 Translocations


You had 7 spell levels left.
You knew the following spells:

 Your Spells              Type           Power      Damage    Failure   Level
a - Magic Dart            Conj           100%       1d8       1%          1
b - Searing Ray           Conj           74%        2d7       1%          2
c - Slow                  Hex            68%        N/A       3%          1
d - Dazzling Flash        Conj/Hex       54%        N/A       3%          3
e - Fulminant Prism       Conj/Hex       13%        3d9       12%         4

Your spell library contained the following spells:

 Spells                   Type           Power      Damage    Failure   Level
 Confusing Touch          Hex            17%        N/A       10%         3
 Iskenderun's Mystic Bla  Conj/Tloc      25%        2d7       14%         4
 Vampiric Draining        Necr           5%         2d6       32%         3


Dungeon Overview and Level Annotations

Branches:
Dungeon (8/15)             Temple (1/1) D:6           Sewer (visited)
   Lair: D:8-11

Altars:
Ashenzari
Cheibriados
Dithmenos
Elyvilon
Fedhas
Gozag
Hepliaklqana
Kikubaaqudgha
Makhleb
Nemelex Xobeh
Okawaru
Qazlal
Ru
Sif Muna
Trog
Uskayaw
Vehumet
Wu Jian
Xom
Yredelemnul
Zin
The Shining One

Shops:
D:1 [   D:2 *

Annotations:
D:6 Sigmund


Innate Abilities, Weirdness & Mutations

You can breathe blasts of fire.
Your fiery red scales are hard. (AC +6)
You cannot fit into any form of body armour.
Your flesh is heat resistant. (rF+)
You are cold-blooded and may be slowed by cold attacks.


Message History

The kobold brigand throws a poisoned dart.
The poisoned dart barely misses you.
You see here a scroll of enchant armour.
You feel sick.
A kobold brigand comes into view.
It is wielding a +0 dagger and quivering curare-tipped darts.
You feel sick.
The kobold brigand shouts!
The kobold brigand moves out of view.
You feel sick.
The kobold brigand throws a curare-tipped dart.
The curare-tipped dart barely misses you.
You feel sick.
You feel sick.
Found a hand axe.
You feel sick.
You are no longer poisoned.
A water moccasin skeleton comes into view.
Found a dagger, a scroll labelled HAEFIT TO FOI and 15 gold pieces.
Found a scroll labelled ZONUTH ESCHYXKA.
Found a scroll labelled JAULITIRO.
Found a scroll labelled YMISKU TACI.
a - a scroll labelled ZONUTH ESCHYXKA
h - a scroll labelled YMISKU TACI The kobold brigand throws a poisoned dart.
The poisoned dart completely misses you.
The kobold brigand throws a poisoned dart.
The poisoned dart closely misses you.
There is a stone staircase leading down here.
You see here 23 arrows.
There is a stone staircase leading up here.
You climb upwards.
Level annotation: Sigmund The sky beast hits you but does no damage.
The ogre hits you with a +0 giant club!!
* * * LOW HITPOINT WARNING * * *
The sky beast misses you.
There is a stone staircase leading down, spattered with blood here.
Sigmund hits you from afar with a +0 scythe.
* * * LOW HITPOINT WARNING * * *
The ogre hits you with a +0 giant club!
You die...

.....o........#....#...###.......
................)..##...O........
..##................##O.##.......
).........#####.....Y§..####.....
<.)..... #...#####.....#.....
...!.... #...## ##....#.....
.##............#@.# ###........
........##..#..#..## #.......
........ #. ####@..# .......
.......# . #Y.O.# .......
.#...... .......# ........ .....#
...##...... .8##.# .....
##....... ..# # #... ....).. .##
... ....... .. ... ...>... ...


You could see Sigmund, a sky beast and an ogre.

Vanquished Creatures
  A water moccasin (D:6)
  2 orc warriors
  2 black bears
  2 ogres (D:5)
  A centaur (D:6)
  A phantom (D:7)
  4 bullfrogs
  A gnoll sergeant (D:6)
  2 scorpions (D:5)
  A howler monkey (D:5)
  2 jellies
  An orc priest (D:5)
  An iguana (D:5)
  4 orc wizards
  A hell rat (Sewer)
  2 howler monkey skeletons
  10 gnolls
  7 adders
  3 river rats (Sewer)
  An ufetubus (D:6)
  5 worms
  2 dart slugs
  10 orcs
  9 endoplasms
  10 giant cockroaches
  6 goblins
  3 hobgoblins
  5 quokkas
  7 ball pythons
  5 bats
  3 frilled lizards
  7 kobolds
  14 rats
135 creatures vanquished.

Vanquished Creatures (others)
  39 plants (D:3)
39 creatures vanquished.

Grand Total: 174 creatures vanquished

Notes
Turn   | Place    | Note
-------+----------+-------------------------------------------
     0 | D:1      | Cheeritup the Draconian Conjurer began the quest for the
                  | Orb.
     0 | D:1      | Reached XP level 1. HP: 14/14 MP: 3/3
   301 | D:1      | Reached skill level 1 in Fighting
   301 | D:1      | Reached XP level 2. HP: 23/23 MP: 1/5
   572 | D:1      | Found Vonwix's Armour Emporium.
   576 | D:1      | Learned a level 2 spell: Searing Ray
   796 | D:1      | Reached XP level 3. HP: 28/28 MP: 1/6
  1493 | D:2      | Found Getasa's General Store.
  1601 | D:2      | Reached XP level 4. HP: 36/36 MP: 1/8
  1875 | D:2      | Learned a level 1 spell: Slow
  2193 | D:2      | Found a faded altar of an unknown god.
  2522 | D:3      | Reached skill level 1 in Hexes
  2522 | D:3      | Reached XP level 5. HP: 42/42 MP: 4/9
  3627 | D:4      | Found a glowing drain.
  3664 | Sewer    | Entered a sewer
  3670 | Sewer    | Reached skill level 5 in Conjurations
  3847 | Sewer    | Reached skill level 1 in Short Blades
  3928 | Sewer    | Reached XP level 6. HP: 42/51 MP: 2/11
  4817 | D:5      | Entered Level 5 of the Dungeon
  4819 | D:5      | Noticed an orc warrior
  4872 | D:5      | Learned a level 3 spell: Dazzling Flash
  5343 | D:5      | Your scales start taking on a fiery red colour.
  5343 | D:5      | Reached XP level 7. HP: 58/58 MP: 5/13
  5343 | D:5      | Gained mutation: Your flesh is heat resistant. (rF+) [Red
                  | Draconian growth]
  5717 | D:5      | Found an ornate altar of the Wu Jian Council.
  5791 | D:5      | Reached skill level 6 in Conjurations
  5791 | D:5      | Reached skill level 1 in Translocations
  6076 | D:5      | Reached XP level 8. HP: 67/67 MP: 7/15
  6857 | D:6      | Noticed Sigmund
  6857 | D:6      | Found a staircase to the Ecumenical Temple.
  6900 | D:5      | Reached skill level 5 in Fighting
  6993 | D:5      | Reached skill level 5 in Spellcasting
  7792 | Temple   | Entered the Ecumenical Temple
  7823 | Temple   | Became a worshipper of Vehumet
  8078 | D:5      | Reached skill level 7 in Conjurations
  8426 | D:6      | Learned a level 4 spell: Fulminant Prism
  8801 | D:6      | Mangled by an ogre

Illustrated notes

Levels and vault maps discovered:
D:1:      psy_arrival_spokes, layout_basic, serial_glass, glass_columns_a,
          glass_columns_a, minmay_strange_pillars, feat_on_display,
          serial_shops, shop, nicolae_concentric_dashed_squares_wild
D:2:      layout_basic, shapermc_ecumenical_altar_pompeii, serial_shops,
          nicolae_shop_hallway_stairs
D:3:      layout_loops_ring, serial_bayou, serial_bayou_pond_d,
          serial_bayou_pond_b, serial_bayou_lagoon_a, serial_bayou_shore_a,
          guppyfry_early_lair_pool
D:4:      layout_loops_ring, gup_sewer_entry_glass, serial_glass,
          glass_columns_b, glass_columns_c
D:5:      layout_gridville, nzn_wu_jian_contemplation, minmay_misc_feat_rows,
          lemuel_flame_loot_1
D:6:      layout_cave_pools, minmay_temple_entry_statues_pillars, uniq_sigmund
D:7:      layout_loops_ring, st_stairs_6, uniq_duvessa
D:8:      layout_basic
Temple:   nicolae_temple_the_god_donut

Skill      XL: |  1  2  3  4  5  6  7  8 |
---------------+-------------------------+-----
Fighting       | 1 2 3 4 5 |  5.4
Spellcasting   | 3 4 5 |  5.5
Hexes          | 1 2 3 |  3.0
Dodging        | 2 |  2.0
Conjurations   | 5 6 7 |  7.9
Short Blades   | 1 2 |  2.5
Stealth        | 2 |  2.0
Translocations | 1 2 |  2.0

Action                   |  1- 3 |  4- 6 |  7- 9 || total
-------------------------+-------+-------+-------++-------
Melee: Dagger            |    18 |    23 |    24 ||    65
       Punch             |     2 |       |       ||     2
       Tailslap          |     1 |     2 |     4 ||     7
       Flail             |       |       |    13 ||    13
 Cast: Magic Dart        |    64 |   133 |    69 ||   266
       Searing Ray       |     1 |     7 |    19 ||    27
       Slow              |       |     4 |    11 ||    15
 Abil: Breathe Fire      |       |       |     4 ||     4
  Use: Scroll            |       |     8 |     1 ||     9
       Potion            |       |       |     3 ||     3
Armor: Skin              |    15 |     8 |    23 ||    46
Dodge: Dodged            |    16 |    19 |   110 ||   145

Table legend: (Time is in decaauts)
 A = Elapsed time spent in this place.
 B = Non-inter-level travel time spent in this place.
 C = Inter-level travel time spent in this place.
 D = Time resting spent in this place.
 E = Time spent auto-exploring this place.
 F = Levels seen in this place.
 G = Mean time per level.
                   A        B        C        D        E       F      G
               +--------+--------+--------+--------+--------+-----+--------+
         Total |   8800 |   8442 |    358 |   2522 |   4226 |  10 |  880.0 |
       Dungeon |   8194 |   7836 |    358 |   2349 |   3909 |   8 | 1024.2 |
        Temple |    239 |    239 |      0 |      0 |    203 |   1 |  239.0 |
         Sewer |    366 |    366 |      0 |    173 |    113 |   1 |  366.0 |
               +--------+--------+--------+--------+--------+-----+--------+

Top non-repeatable levels by time:
     D:5: 2773 daAuts
     D:1: 1377 daAuts
     D:3: 1195 daAuts
     D:4: 1133 daAuts
     D:2: 970 daAuts
     D:6: 464 daAuts
   Sewer: 366 daAuts
  Temple: 239 daAuts
     D:8: 141 daAuts
     D:7: 138 daAuts
